 Dungeon Crawl Stone Soup version 0.23.2-1-ga50397a6bc (webtiles) character file.

Game seed: 11006402937106881671

56 Gumption the Chiller (level 3, -1/26 HPs)
             Began as a Merfolk Ice Elementalist on May 29, 2019.
             Shot with an arrow by a centaur (3 damage)
             ... on level 2 of the Dungeon.
             The game lasted 00:19:38 (1997 turns).

Gumption the Chiller (Merfolk Ice Elementalist)     Turns: 1997, Time: 00:19:39

Health: -1/26      AC:  4    Str:  8    XL:     3   Next: 95%
Magic:  4/6        EV: 13    Int: 15    God:
Gold:   82         SH:  0    Dex: 14    Spells: 0/6 levels left

rFire    . . .     SeeInvis .   b - +0 hunting sling
rCold    . . .     Gourm    .   (no shield)
rNeg     . . .     Faith    .   q - +0 robe
rPois    .         Spirit   .   (no helmet)
rElec    .         Reflect  .   m - +0 cloak
rCorr    .         Harm     .   (no gloves)
MR       .....                  p - +0 pair of boots
Stlth    ++........             (no amulet)
HPRegen  0.08/turn              (no ring)
MPRegen  0.10/turn              (no ring)

@: no status effects
A: change form in water, swift swim, stealthy swim
a: no special abilities


You were on level 2 of the Dungeon.
You were not hungry.

You visited 1 branch of the dungeon, and saw 2 of its levels.

You collected 82 gold pieces.

Inventory:

Hand Weapons
 a - a +0 dagger
 b - a +0 hunting sling (weapon)
Missiles
 c - 63 stones (quivered)
 d - a throwing net
Armour
 m - a +0 cloak (worn)
 p - a +0 pair of boots (worn)
 q - a +0 robe (worn)
Jewellery
 k - an uncursed ring of magical power {unknown}
 l - an uncursed ring of stealth {unknown}
Scrolls
 f - a scroll of random uselessness {unknown}
 i - a scroll of enchant weapon {unknown}
 j - a scroll of fear {unknown}
 n - a scroll of magic mapping {unknown}
Potions
 g - a potion of flight {unknown}
 h - a potion of heal wounds {unknown}
 o - a potion of berserk rage {unknown}
 s - a potion of agility {unknown}
Comestibles
 e - 2 rations
 r - a chunk of flesh


   Skills:
 + Level 1.3 Fighting
 - Level 2.6 Dodging
 - Level 2.1 Stealth
 + Level 2.4 Spellcasting
 * Level 1.4 Conjurations
 * Level 4.1 Ice Magic


You couldn't memorise any spells.
You knew the following spells:

 Your Spells              Type           Power        Failure   Level  Hunger
a - Freeze                Ice            ##..         3%          1    #......
b - Ozocubu's Armour      Chrm/Ice       #.......     26%         3    ###....
c - Throw Frost           Conj/Ice       ##....       10%         2    ###....

Your spell library contained the following spells:

 Spells                   Type           Power        Failure   Level  Hunger
 Throw Icicle             Conj/Ice       ##......     54%         4    #####..
 Summon Ice Beast         Ice/Summ       #.......     65%         4    #####..


Dungeon Overview and Level Annotations

Branches:
Dungeon (2/15)

Altars:
Nemelex Xobeh


Message History

Aiming: Freeze (safe; 3% risk of failure)
Press: ? - help, Shift-Dir - straight line, f/p - leopard gecko
Aim: a leopard gecko (moderately wounded, clinging)
You freeze the leopard gecko.
You kill the leopard gecko!
A centaur comes into view.
Found a sparkling altar of Nemelex Xobeh.
You see here 18 bolts.
The centaur shouts!
The centaur wields a +0 shortbow.
The centaur shoots an arrow.
The arrow hits you!
Ouch! That really hurt!
The centaur shoots an arrow.
The arrow hits you!
* * * LOW HITPOINT WARNING * * *
Things that are here:
an arrow; a stone
Okay, then.
Okay, then.
The centaur shoots an arrow.
The arrow hits you.
You die...

≈≈≈≈≈≈≈≈≈≈.##
≈≈≈≈≈≈≈≈≈...######.. /#
≈≈≈≈≈≈≈≈≈≈.......... #.#
≈≈≈≈.♣≈≈≈....########...
≈≈≈._♣≈≈≈.≈#..### #.c..
≈≈≈.≈≈≈≈≈..##...###....
≈≈≈≈≈≈≈≈≈..####.#....._
≈≈≈≈≈≈≈≈≈..# #(..#
≈≈≈≈≈≈≈≈≈.≈####.@.#
.≈..≈.≈≈.≈.##.((#?.#
..≈.≈≈..≈..##.####.#
##########.... .# #####
#.. # ##?..##...
##...^..:# ###..$....#
.....r....#


You could see a centaur.

Vanquished Creatures
  An adder (D:1)
  An ooze (D:1)
  A worm (D:2)
  A dart slug (D:1)
  5 leopard geckos
  5 goblins (D:1)
  3 hobgoblins
  3 bats
  3 frilled lizards
  4 kobolds
  9 rats
36 creatures vanquished.

Notes
Turn   | Place    | Note
-------+----------+-------------------------------------------
     0 | D:1      | Gumption the Merfolk Ice Elementalist began the quest for
                  | the Orb.
     0 | D:1      | Reached XP level 1. HP: 13/13 MP: 3/3
   284 | D:1      | Reached XP level 2. HP: 17/20 MP: 1/5
   331 | D:1      | Learned a level 2 spell: Throw Frost
   716 | D:1      | Reached skill level 1 in Fighting
   716 | D:1      | Reached skill level 1 in Conjurations
  1030 | D:1      | Reached XP level 3. HP: 25/26 MP: 3/6
  1062 | D:1      | Learned a level 3 spell: Ozocubu's Armour
  1532 | D:1      | Reached skill level 4 in Ice Magic
  1894 | D:2      | Found a faded altar of an unknown god.
  1994 | D:2      | Found a sparkling altar of Nemelex Xobeh.
  1994 | D:2      | Noticed a centaur
  1997 | D:2      | Shot with an arrow by a centaur

Skill      XL: |  1  2  3 |
---------------+----------+-----
Fighting       | 1 |  1.3
Conjurations   | 1 |  1.4
Ice Magic      | 4 |  4.1
Dodging        | |  2.6
Stealth        | |  2.1
Spellcasting   | |  2.4

Action                   || total
-------------------------++-------
Melee: Short sword       ||    13
       Dagger            ||     3
 Fire: Hunting sling     ||    25
Throw: Stone             ||    22
 Cast: Freeze            ||    50
 Stab: Sleeping          ||     2
  Eat: Chunk             ||     4
Armor: Robe              ||     6
Dodge: Dodged            ||    49
